 Dungeon Crawl Stone Soup version 0.27.1-35-g4d5d836560 (webtiles) character file.

Game seed: 15599714428179421837

15278 Delamore the Covert (level 12, 0/92 HPs)
             Began as an Octopode Brigand on Mar 8, 2022.
             Was an Initiate of Gozag.
             Slain by a manticore (18 damage)
             ... on level 11 of the Dungeon.
             The game lasted 00:26:51 (17805 turns).

Delamore the Covert (Octopode Brigand)             Turns: 17805, Time: 00:26:51

Health: 0/92       AC:  8    Str: 11    XL:     12   Next: 25%
Magic:  12/12      EV: 17    Int: 14    God:    Gozag
Gold:   939        SH:  0    Dex: 15    Spells: 11/11 levels left

rFire    . . .     SeeInvis .   h - +2 dagger (protect)
rCold    . . .     Faith    .   (no shield)
rNeg     + + .     Spirit   .   p - +0 hat
rPois    .         Reflect  .   q - amulet of regeneration
rElec    .         Harm     .   w - ring of positive energy
rCorr    .         Rampage  .   r - ring of positive energy
Will     .....                  (no ring)
Stlth    ++++++....             (no ring)
HPRegen  1.25/turn              (no ring)
MPRegen  0.13/turn              (no ring)
                                (no ring)
                                (no ring)

@: under a protective aura
A: almost no armour, amphibious, 8 rings, camouflage 1, gelatinous body 1,
(nimble swimmer 1), tentacles, clumsy 1, robust 2
a: Renounce Religion, Potion Petition, Call Merchant, Bribe Branch


You were on level 11 of the Dungeon.
You worshipped Gozag.
Gozag was pleased with you.
You visited 3 branches of the dungeon, and saw 14 of its levels.
You also visited: Bailey.

You collected 2072 gold pieces.
You spent 620 gold pieces at shops.
You paid 513 gold pieces to Gozag.

Inventory:

Hand Weapons
 a - a +2 dagger
 h - a +2 dagger of protection (weapon)
 A - a +0 rapier
Missiles
 c - 26 poisoned darts (quivered)
 u - 47 boomerangs
 z - 3 silver javelins
 E - a throwing net
Armour
 p - a +0 hat (worn)
Jewellery
 q - an amulet of regeneration (around mantle)
 r - a ring of positive energy (right tentacle)
 t - the amulet "Atziwatoy" {Reflect Str+4 Dex+3 SH+5}
   (You bought it in a shop on level 7 of the Dungeon)

   [amulet of reflection]

   It reflects blocked missile attacks.
   Str:       It affects your strength (+4).
   Dex:       It affects your dexterity (+3).
   SH:        It affects your SH (+5).
 w - a ring of positive energy (left tentacle)
Wands
 f - a wand of digging (7)
 j - a wand of iceblast (6)
 o - a wand of polymorph (13)
 v - a wand of flame (49)
Scrolls
 b - 2 scrolls of noise
 d - 2 scrolls of magic mapping
 g - 3 scrolls of teleportation
 i - 4 scrolls of enchant armour
 k - a scroll of amnesia
 l - 4 scrolls of blinking
 x - a scroll of holy word
 y - a scroll of enchant weapon
Potions
 e - 2 potions of mutation
 m - a potion of attraction
 n - a potion of lignification
 s - 2 potions of brilliance
 B - a potion of curing
 C - a potion of magic
 D - 2 potions of cancellation {unknown}
 F - a potion of heal wounds
 G - a potion of berserk rage {unknown}


   Skills:
 - Level 5.0 Fighting
 + Level 10.9 Short Blades
 + Level 8.6 Throwing
 + Level 8.7 Dodging
 + Level 13.5 Stealth
 - Level 5.0 Evocations


You had 11 spell levels left.
You didn't know any spells.
Your spell library contained the following spells:

 Spells                   Type           Power      Damage    Failure   Level
 Apportation              Tloc           0%         N/A       28%         1
 Ensorcelled Hibernation  Hex/Ice        0%         N/A       41%         2
 Static Discharge         Conj/Air       0%         N/A       41%         2
 Sublimation of Blood     Necr           0%         N/A       41%         2
 Frozen Ramparts          Ice            0%         1d2       65%         3
 Gell's Gravitas          Tloc           0%         N/A       65%         3
 Ignite Poison            Fire/Tmut/Pois 0%         N/A       65%         3
 Mephitic Cloud           Conj/Pois/Air  0%         N/A       65%         3
 Ice Form                 Ice/Tmut       0%         N/A       96%         4
 Passage of Golubria      Tloc           N/A        N/A       96%         4
 Petrify                  Tmut/Erth      0%         N/A       96%         4
 Sticky Flame             Conj/Fire      0%         2d3       96%         4
 Summon Ice Beast         Ice/Summ       0%         N/A       96%         4
 Alistair's Intoxication  Tmut/Pois      0%         N/A       100%        5
 Bolt of Magma            Conj/Fire/Erth 0%         4d4       100%        5
 Freezing Cloud           Conj/Ice/Air   0%         6-21      100%        5
 Irradiate                Conj/Tmut      0%         3d14      100%        5
 Lightning Bolt           Conj/Air       0%         1d11      100%        5
 Conjure Ball Lightning   Conj/Air       0%         3x3d6     100%        6
 Invisibility             Hex            0%         N/A       100%        6
 Discord                  Hex            0%         N/A       100%        8
 Disjunction              Tloc           0%         N/A       100%        8
 Maxwell's Capacitive Co  Air            0%         ∞         100%        8


Dungeon Overview and Level Annotations

Branches:
Dungeon (12/15)            Temple (1/1) D:5            Lair (1/6) D:10
    Orc (0/2) D:11         Bailey (visited)

Altars:
Ashenzari
Cheibriados
Dithmenos
Elyvilon
Fedhas
Gozag
Hepliaklqana
Kikubaaqudgha
Makhleb
Nemelex Xobeh
Okawaru
Qazlal
Ru
Sif Muna
Trog
Uskayaw
Vehumet
Wu Jian
Xom
Yredelemnul
Zin
The Shining One

Shops:
D:6 *   D:7 =

Annotations:
D:8 1 runed translucent door, Banquo's ghost, novice FoFi


Innate Abilities, Weirdness & Mutations

You cannot wear most types of armour.
You are amphibious.
You can wear up to eight rings at the same time.
Your skin changes colour to match your surroundings (Stealth+).
Your rubbery body absorbs attacks. (AC +1, EV +1)
((You are camouflaged near water. (Stealth+)))
You have tentacles for arms and can constrict up to eight enemies at once.
You are clumsy. (Dex -2)
You are very robust. (+20% HP)


Message History

You hit the manticore but do no damage.
The manticore is severely wounded.
You hit the manticore.
The manticore is severely wounded.
The manticore bites you! The manticore claws you.
The manticore closely misses you.
You are too injured to fight recklessly!
You are too injured to fight recklessly!
You are too injured to fight recklessly!
You are too injured to fight recklessly!
You are too injured to fight recklessly!
You are too injured to fight recklessly!
You are too injured to fight recklessly!
You are too injured to fight recklessly!
You are too injured to fight recklessly!
You are too injured to fight recklessly!
You are too injured to fight recklessly!
You are too injured to fight recklessly!
You are too injured to fight recklessly!
You barely miss the manticore. You squeeze the manticore.
The manticore is severely wounded.
You hit the manticore but do no damage. You squeeze the manticore.
The manticore is almost dead.
The manticore bites you!
* * * LOW HITPOINT WARNING * * *
The manticore closely misses you. The manticore claws you.
* * * LOW HITPOINT WARNING * * *
You hit the manticore.
The manticore is almost dead.
You hit the manticore but do no damage.
The manticore is almost dead.
The manticore completely misses you. The manticore closely misses you.
The manticore completely misses you.
You hit the manticore but do no damage. You squeeze the manticore.
The manticore is almost dead.
You barely miss the manticore. You squeeze the manticore.
The manticore is almost dead.
The manticore bites you!!
You die...
Your body crumbles into a pile of gold.

## .# ..... .+ .... .# ...
## #.. ### # ##..##.## #
#.......# # #..H....# #
#...@...# # #.......# # #
#....#..### # ..#
#..#...#..### ##....###
..#...#...#..## '........
.#...#...#...#.#
#............#...#...#...#
#..........#...#...#...#.#
#............#...#..(#...#


You could see a manticore.

Vanquished Creatures
  Snorg (D:11)
  Erica (D:9)
  A centaur warrior (D:12)
  A two-headed ogre (D:11)
  An orc knight (Bailey)
  2 ugly things (D:12)
  A cyclops (D:11)
  A deep elf pyromancer (D:11)
  An oklob plant (D:10)
  A manticore (D:12)
  3 centaur zombies
  Maggie (D:8)
  A komodo dragon (D:10)
  Psyche (D:10)
  2 hornets
  A meliai zombie (D:11)
  A shadow (D:10)
  10 yaks
  A wraith (D:9)
  A vampire (D:11)
  Menkaure (D:6)
  An acid dragon (D:9)
  3 water moccasins
  7 orc warriors
  2 ice beasts
  A black bear (D:5)
  2 sky beasts
  3 necrophages
  2 ogres (D:5)
  12 centaurs
  2 kobold brigands
  2 bullfrogs
  A gnoll sergeant (D:11)
  4 scorpions
  A water moccasin skeleton (D:6)
  17 killer bees
  10 wights
  4 howler monkeys
  4 electric eels (D:7)
  A bullfrog zombie (D:7)
  A bullfrog skeleton (D:5)
  8 orc priests
  Jessica (D:2)
  A centaur skeleton (D:6)
  Natasha (thrice) (D:3)
  2 iguanas
  9 orc wizards
  Terence (D:3)
  2 hell rats (D:10)
  A killer bee zombie (D:8)
  2 howler monkey zombies
  A gnoll (Bailey)
  8 adders
  A shadow imp (D:6)
  An ufetubus (D:4)
  A worm (D:2)
  2 dart slugs
  32 orcs
  8 endoplasms
  2 giant cockroaches
  9 goblins
  6 hobgoblins
  A jackal (D:2)
  6 quokkas
  6 ball pythons
  8 bats
  10 frilled lizards
  30 kobolds
  5 rats
281 creatures vanquished.

Vanquished Creatures (others)
  An orc wizard (D:8)
  34 plants
35 creatures vanquished.

Grand Total: 316 creatures vanquished

Notes
Turn   | Place    | Note
-------+----------+-------------------------------------------
     0 | D:1      | Delamore the Octopode Brigand began the quest for the Orb.
     0 | D:1      | Reached XP level 1. HP: 14/14 MP: 1/1
   202 | D:1      | Reached XP level 2. HP: 6/19 MP: 2/2
   707 | D:1      | Reached skill level 6 in Stealth
   813 | D:1      | Reached XP level 3. HP: 24/24 MP: 3/3
   994 | D:2      | Gained mutation: You are robust. (+10% HP) [potion of
                  | mutation]
   994 | D:2      | Gained mutation: You are clumsy. (Dex -2) [potion of
                  | mutation]
   994 | D:2      | Gained mutation: You are very robust. (+20% HP) [potion of
                  | mutation]
  1504 | D:2      | Noticed Jessica
  1514 | D:2      | Killed Jessica
  1515 | D:2      | Reached XP level 4. HP: 17/34 MP: 4/4
  1683 | D:2      | Found an ornate altar of the Wu Jian Council.
  1800 | D:2      | Reached skill level 7 in Stealth
  1959 | D:2      | Reached XP level 5. HP: 40/40 MP: 5/5
  2676 | D:3      | Noticed Natasha
  2683 | D:3      | Killed Natasha
  2788 | D:3      | Noticed Natasha
  3018 | D:3      | Killed Natasha
  3019 | D:3      | Reached skill level 8 in Stealth
  3019 | D:3      | Reached XP level 6. HP: 30/46 MP: 6/6
  3275 | D:3      | Found a shimmering blue altar of Sif Muna.
  3277 | D:3      | Noticed Terence
  3349 | D:3      | Killed Terence
  3460 | D:3      | Noticed Natasha
  3472 | D:3      | Killed Natasha
  3581 | D:4      | Found a snail-covered altar of Cheibriados.
  3627 | D:4      | Noticed a necrophage
  3636 | D:4      | Killed a necrophage
  3637 | D:4      | Reached skill level 5 in Short Blades
  3709 | D:4      | Reached XP level 7. HP: 53/54 MP: 7/7
  3903 | D:4      | Reached skill level 9 in Stealth
  4425 | D:5      | Entered Level 5 of the Dungeon
  4616 | D:5      | Got the Reference Book on Battle Magic
  4637 | D:5      | Reached skill level 10 in Stealth
  4646 | D:5      | Reached XP level 8. HP: 60/60 MP: 8/8
  4659 | D:5      | Found a staircase to the Ecumenical Temple.
  4680 | Temple   | Entered the Ecumenical Temple
  4831 | Temple   | Became a worshipper of Gozag Ym Sagoz the Greedy
  6071 | D:5      | Reached XP level 9. HP: 64/64 MP: 9/9
  6441 | D:6      | Reached skill level 10 in Short Blades
  6824 | D:6      | Found Ickoorgh's General Store.
  7025 | D:6      | Noticed Menkaure
  7028 | D:6      | Killed Menkaure
  7781 | D:7      | Found a flagged portal.
  7787 | Bailey   | Entered a bailey
  8098 | Bailey   | Noticed an orc knight
  8361 | Bailey   | Killed an orc knight
  8422 | Bailey   | Found a bloodstained altar of Trog.
  8620 | Bailey   | Got Uprorot's Incunabulum of the Snowflakes and
                  | Displacement
  8751 | D:7      | Reached skill level 5 in Throwing
  8759 | D:7      | Reached skill level 1 in Evocations
  9089 | D:7      | Reached XP level 10. HP: 33/76 MP: 10/10
  9199 | D:7      | Reached skill level 5 in Fighting
  9998 | D:7      | Reached skill level 5 in Dodging
 10327 | D:7      | Reached skill level 5 in Evocations
 11210 | D:8      | Found a burning altar of Makhleb.
 11211 | D:8      | Noticed Maggie
 11812 | D:8      | Found a shimmering altar of Xom.
 11812 | D:8      | Noticed Banquo's ghost (novice FoFi)
 11813 | D:8      | Found a runed translucent door.
 11813 | D:8      | Noticed a +0 spear of chaos
 11921 | D:8      | Found a hazy altar of Hepliaklqana.
 11930 | D:8      | Found a basalt altar of Yredelemnul.
 11961 | D:8      | Found a sacrificial altar of Ru.
 12042 | D:8      | Killed Maggie
 12043 | D:8      | Reached skill level 11 in Stealth
 12468 | D:7      | Bought the amulet "Atziwatoy" {Reflect Str+4 Dex+3 SH+5}
                  | for 620 gold pieces
 12831 | D:8      | Reached XP level 11. HP: 85/85 MP: 11/11
 13461 | D:9      | Noticed Erica
 13479 | D:9      | Killed Erica
 13480 | D:9      | Reached skill level 12 in Stealth
 14313 | D:10     | Entered Level 10 of the Dungeon
 14318 | D:10     | Noticed an oklob plant
 14785 | D:10     | Found a staircase to the Lair.
 15201 | D:10     | Killed an oklob plant
 15240 | Lair:1   | Entered Level 1 of the Lair of Beasts
 15243 | Lair:1   | Noticed a seven-headed hydra
 15388 | D:11     | Noticed a cyclops
 15401 | D:11     | Noticed Psyche
 15427 | D:10     | Killed Psyche
 15828 | D:11     | Noticed a two-headed ogre
 15867 | D:11     | Killed a two-headed ogre
 16057 | D:11     | Noticed Snorg
 16065 | D:11     | Killed Snorg
 16204 | D:11     | Found a staircase to the Orcish Mines.
 16244 | D:12     | Noticed a boulder beetle
 16806 | D:12     | Noticed a red ugly thing
 16817 | D:12     | Killed a red ugly thing
 16818 | D:12     | Reached skill level 13 in Stealth
 16960 | D:12     | Noticed a manticore
 16966 | D:12     | Killed a manticore
 16967 | D:12     | Reached XP level 12. HP: 92/92 MP: 12/12
 16988 | D:12     | Noticed a centaur warrior
 17051 | D:12     | Killed a centaur warrior
 17077 | D:12     | Noticed a two-headed ogre
 17805 | D:11     | Slain by a manticore

Illustrated notes

Levels and vault maps discovered:
D:1:      dpeg_arrival_erosion, layout_loops_ring,
          hangedman_abyss_or_decor_stabs
D:2:      layout_basic, basic_altar, minmay_fractal_squares_5, uniq_jessica
D:3:      layout_rooms, kennysheep_orc_sif_temple, uniq_natasha, uniq_terence
D:4:      layout_basic, cheibriados_altar_1
D:5:      layout_basic, minmay_temple_entry_purple_smoke
D:6:      layout_basic, serial_shops, shop, uniq_menkaure
D:7:      layout_rooms, enter_bailey_2, serial_bayou_lake_a
D:8:      layout_basic, grunt_temple_overflow_open, ebering_ghost_xom,
          kennysheep_generic_room_11, uniq_maggie
D:9:      layout_roguey, uniq_erica
D:10:     layout_basic, dpeg_oklobed_lair
D:11:     layout_gridville, kennysheep_orc_monster_closet_entryway,
          serial_shops, kennysheep_little_box, amethyst_killhole, hex_medium,
          st_stairs_3, uniq_snorg, uniq_psyche
D:12:     layout_irregular_city
Temple:   regret_index_temple_sphere_string
Lair:1:   layout_hall_layers, grunt_megastairs_3, serial_bayou_shore_b,
          infiniplex_staircase_pool, uniq_gastronok, uniq_urug

Skill      XL: |  1  2  3  4  5  6  7  8  9 10 11 |
---------------+----------------------------------+-----
Stealth        | 6 7 8 10 11 13 | 13.5
Short Blades   | 3 4 5 6 9 10 | 10.9
Dodging        | 3 6 8 |  8.7
Fighting       | 4 5 |  5.0
Throwing       | 5 6 8 |  8.6
Evocations     | 2 5 |  5.0

Action                   |  1- 3 |  4- 6 |  7- 9 | 10-12 || total
-------------------------+-------+-------+-------+-------++-------
Melee: Dagger            |    63 |   110 |   295 |   769 ||  1237
       Constrict         |     8 |    21 |    41 |    77 ||   147
       Tentacles         |     8 |    19 |    63 |   182 ||   272
Throw: Dart              |       |     7 |    60 |    57 ||   124
       Boomerang         |       |       |    21 |       ||    21
       Javelin           |       |       |     6 |     6 ||    12
       Throwing net      |       |       |       |     2 ||     2
Invok: Call Merchant     |       |       |       |     1 ||     1
Evoke: Wand              |       |       |       |     9 ||     9
  Use: Potion            |     2 |       |     4 |     7 ||    13
       Scroll            |       |     5 |     4 |     9 ||    18
 Stab: Sleeping          |    16 |    19 |    13 |    22 ||    70
       Distracted        |       |       |       |     2 ||     2
       Held in net/web   |       |       |       |     1 ||     1
Armor: Skin              |     3 |    10 |    98 |   312 ||   423
Dodge: Dodged            |    30 |    45 |   128 |   399 ||   602
Block: Other             |       |       |       |    85 ||    85
       Reflection        |       |       |       |     3 ||     3
